 Dungeon Crawl Stone Soup version 0.31-a0-222-gefeffbb62a (webtiles) character file.

Game seed: 17568951995224484476

119 qw the Shooter (level 4, -2/36 HPs)
             Began as a Minotaur Hexslinger on July 5, 2023.
             Slain by Edmund
             ... wielding a +2 flail of protection
              (6 damage)
             ... on level 3 of the Dungeon.
             The game lasted 00:00:51 (2319 turns).

qw the Shooter (Minotaur Hexslinger)                Turns: 2319, Time: 00:00:52

Health: -2/36      AC: 11    Str: 12    XL:     4   Next: 74%
Magic:  4/4        EV: 17    Int: 10    God:
Gold:   198        SH:  0    Dex: 15    Spells: 4/5 levels left

rFire   . . .        Y - +1 sling
rCold   + . .        (no shield)
rNeg    . . .        i - +3 leather armour {rC+}
rPois   .            (helmet restricted)
rElec   .            (no cloak)
rCorr   .            (no gloves)
SInv    .            g - +0 pair of boots
Will    .....        d - amulet of faith
Stlth   +            n - +4 ring of protection
HPRegen 0.26/turn    a - +5 ring of evasion
MPRegen 0.09/turn

%: faith
@: no status effects
A: horns 2, retaliatory headbutt
a: no special abilities


You were on level 3 of the Dungeon.
You visited 1 branch of the dungeon, and saw 4 of its levels.

You collected 198 gold pieces.


Innate Abilities, Weirdness & Mutations

You have a pair of horns on your head.
You reflexively headbutt those who attack you in melee.


   Skills:
 + Level 2.0 Fighting
 - Level 5.3 Ranged Weapons
 - Level 2.1 Dodging
 - Level 1.0 Spellcasting
 - Level 2.0 Hexes


You had 4 spell levels left.
You knew the following spells:

 Your Spells              Type           Power      Damage    Failure   Level
a - Slow                  Hex            16%        N/A       19%         1

Your spell library contained the following spells:

 Spells                   Type           Power      Damage    Failure   Level
 Inner Flame              Hex/Fire       2%         N/A       65%         3
 Portal Projectile        Hex/Tloc       4%         N/A       65%         3
 Cause Fear               Hex            2%         N/A       88%         4

Inventory:

Hand Weapons
 Y - a +1 sling (weapon)
Armour
 g - a +0 pair of boots (worn)
 i - a +3 leather armour of cold resistance (worn)
Jewellery
 a - a +5 ring of evasion (right hand)
 d - an amulet of faith (around neck)
 m - a ring of fire
 n - a +4 ring of protection (left hand)
Scrolls
 j - a scroll of identify
Potions
 b - a potion of mutation {unknown}
 c - a potion of brilliance {unknown}
 e - a potion of invisibility {unknown}
 f - a potion of berserk rage {unknown}
 l - a potion of haste {unknown}

Dungeon Overview and Level Annotations

Branches:
Dungeon (4/15)
 Temple: D:4-7

Altars:
Ru

Annotations:
D:3 Edmund


Message History

Enter note: You shoot a sling bullet.
The sling bullet hits Edmund but does no damage.
Edmund is lightly wounded.
Edmund asks, "Have you met my wondrous brother?"
Edmund hits you with a +2 flail of protection!
You shoot a sling bullet. The sling bullet hits Edmund.
Edmund is lightly wounded.
Edmund hits you with a +2 flail of protection.
You shoot a sling bullet.
The sling bullet hits Edmund but does no damage.
Edmund is lightly wounded.
Edmund misses you.
You shoot a sling bullet.
The sling bullet hits Edmund but does no damage.
Edmund is lightly wounded.
Edmund hits you but does no damage.
You shoot a sling bullet.
The sling bullet hits Edmund but does no damage.
Edmund is lightly wounded.
Edmund hits you with a +2 flail of protection.
You shoot a sling bullet.
The sling bullet hits Edmund but does no damage.
Edmund is lightly wounded.
Edmund hits you with a +2 flail of protection!
Edmund barely misses you.
You shoot a sling bullet. The sling bullet hits Edmund.
Edmund is moderately wounded.
Edmund misses you. You furiously retaliate!
You headbutt Edmund, but do no damage. You shoot a sling bullet.
The sling bullet barely misses Edmund.
Edmund closely misses you. You furiously retaliate!
You headbutt Edmund. You shoot a sling bullet. The sling bullet hits Edmund.
Edmund is heavily wounded.
Edmund barely misses you. You furiously retaliate!
You headbutt Edmund. You shoot a sling bullet.
The sling bullet hits Edmund but does no damage.
Edmund is heavily wounded.
Edmund hits you with a +2 flail of protection.
You die...

#............#.
####............##
#..............##
##.####...##...##
#..# ########## #.##
#.# ###############
##@###(.............
#..@.^.#############
########


You could see Edmund.

Vanquished Creatures
  A hound (D:4)
  2 adders (D:2)
  A worm (D:2)
  A dart slug (D:3)
  2 orcs (D:3)
  9 endoplasms
  2 giant cockroaches
  4 goblins
  8 hobgoblins
  A jackal (D:1)
  2 kobolds
  3 quokkas
  7 ball pythons
  3 bats
  5 frilled lizards
  10 rats
61 creatures vanquished.

Notes
Turn   | Place    | Note
-------+----------+-------------------------------------------
     0 | D:1      | qw the Minotaur Hexslinger began the quest for the Orb.
     0 | D:1      | Reached XP level 1. HP: 16/16 MP: 1/1
     0 | D:1      | 0 ||| qw: Version: 0.3-a-46-gb1f654a
     0 | D:1      | 0 ||| qw: Game counter: 1031
     0 | D:1      | 0 ||| qw: Melee chars always use a shield: true
     0 | D:1      | 0 ||| qw: God list: Okawaru
     0 | D:1      | 0 ||| qw: Allow faded altars: false
     0 | D:1      | 0 ||| qw: Do Orc after clearing Dungeon:15 true
     0 | D:1      | 0 ||| qw: Do second Lair branch before Depths: true
     0 | D:1      | 0 ||| qw: Lair rune preference: random
     0 | D:1      | 0 ||| qw: Goals: Normal
     0 | D:1      | 0 ||| PLANNING D:1-11
   128 | D:1      | Reached skill level 3 in Ranged Weapons
   134 | D:1      | Reached XP level 2. HP: 12/23 MP: 2/2
   612 | D:1      | Found a faded altar of an unknown god.
   826 | D:1      | 826 ||| UPGRADING to +0 ring mail.
   836 | D:1      | 836 ||| DROPPING +0 robe.
   837 | D:1      | 837 ||| UPGRADING to +1 robe of willpower.
   847 | D:1      | 847 ||| DROPPING +0 ring mail.
   848 | D:1      | 848 ||| UPGRADING to +0 pair of boots.
   853 | D:1      | 853 ||| UPGRADING to +3 leather armour of cold resistance.
   863 | D:1      | 863 ||| DROPPING +1 robe of willpower.
   864 | D:1      | 864 ||| UPGRADING to +6 ring of strength.
   865 | D:1      | 865 ||| READING scroll labelled VOAKYU LOGEOX.
   865 | D:1      | Identified a scroll of acquirement
   865 | D:1      | 865 ||| ACQUIRING +5 ring of evasion
   865 | D:1      | Acquired a +5 ring of evasion
   867 | D:1      | 867 ||| UPGRADING to +5 ring of evasion.
   868 | D:1      | 868 ||| READING scroll labelled KUNLIOFANI.
   869 | D:1      | 869 ||| DROPPING scroll of poison.
   959 | D:2      | Reached XP level 3. HP: 29/29 MP: 3/3
  1179 | D:2      | Reached skill level 4 in Ranged Weapons
  1759 | D:3      | Reached XP level 4. HP: 33/36 MP: 4/4
  1889 | D:3      | Found a sacrificial altar of Ru.
  2252 | D:3      | 2252 ||| UPGRADING to amulet of faith.
  2257 | D:3      | 2257 ||| UPGRADING to +4 ring of protection.
  2259 | D:3      | 2259 ||| DROPPING +6 ring of strength.
  2260 | D:3      | 2260 ||| READING scroll labelled HUR OHYRPHEDDAPS.
  2261 | D:3      | 2261 ||| READING 2 scrolls labelled OCOSAIJ KOKOEDWI.
  2301 | D:4      | Noticed Edmund
  2303 | D:4      | Reached skill level 5 in Ranged Weapons
  2308 | D:4      | 2308 ||| STAIRDANCE
  2315 | D:3      | HP: 3/36 [Edmund/+2 flail of protection (9)]
  2319 | D:3      | Slain by Edmund

Levels and vault maps discovered:
D:1:      scummos_arrival_gate, layout_loops_ring,
          shapermc_ecumenical_altar_mp_vishouse, minmay_misc_feat_cross,
          minmay_quantized
D:2:      layout_loops_corners
D:3:      layout_rooms, mainiacjoe_overflow_catwalk, minmay_misc_feat_ornament,
          chequers_hall_statues_wall_a
D:4:      nicolae_cairo_tiling_large_dashed, layout_cave_pods, uniq_edmund,
          uniq_duvessa

Skill      XL: |  1  2  3  4 |
---------------+-------------+-----
Ranged Weapons | 3 4 5 |  5.3
Fighting       | 2 |  2.0
Dodging        | |  2.1
Spellcasting   | |  1.0
Hexes          | |  2.0

Action                     |  1- 3 |  4- 6 || total
---------------------------+-------+-------++-------
   Fire: Sling             |   144 |    56 ||   200
    Use: Scroll            |     2 |     2 ||     4
 Armour: Robe              |     7 |       ||     7
         Leather armour    |     5 |     4 ||     9
  Dodge: Dodged            |    46 |    20 ||    66

Table legend:
 A = Non-vault XP
 B = Vault XP
 C = Vault XP percentage of total XP
 D = Non-vault monster count
 E = Vault monster count
 F = Vault count percentage of total count
                 A         B        C        D         E       F
            +---------+---------+-------+---------+---------+-------
      Total |     163 |       8 |   4.7 |      56 |       5 |   8.2
            +---------+---------+-------+---------+---------+-------
        D:1 |      27 |       8 |  22.9 |      19 |       5 |  20.8
        D:2 |      58 |       0 |   0.0 |      20 |       0 |   0.0
        D:3 |      35 |       0 |   0.0 |      16 |       0 |   0.0
        D:4 |      43 |       0 |   0.0 |       1 |       0 |   0.0
            +---------+---------+-------+---------+---------+-------
